 Dungeon Crawl Stone Soup version 0.29-a0-541-gaf1fc19f1b (webtiles) character file.

Game seed: 7965797512198053273

11 jlumianski the Shield-Bearer (level 2, -3/19 HPs)
             Began as a Gargoyle Fighter on June 3, 2022.
             Slain by a worm (8 damage)
             ... on level 2 of the Dungeon.
             The game lasted 00:02:22 (904 turns).

jlumianski the Shield-Bearer (Gargoyle Fighter)      Turns: 904, Time: 00:02:22

Health: -3/19      AC: 13    Str: 19    XL:     2   Next: 29%
Magic:  2/2        EV:  9    Int:  8    God:
Gold:   99         SH:  4    Dex:  9    Spells: 1/1 levels left

rFire   . . .      SeeInvis .   a - +0 war axe
rCold   . . .      Faith    .   c - +0 buckler
rNeg    + . .      Spirit   .   b - +0 scale mail
rPois   ∞          Reflect  .   (no helmet)
rElec   +          Harm     .   (no cloak)
rCorr   .          Rampage  .   (no gloves)
Will    .....                   (no boots)
Stlth   ..........              (no amulet)
HPRegen 0.06/turn               e - +4 ring of protection
MPRegen 0.08/turn               (no ring)

@: no status effects
A: sickness immunity, AC +2, negative energy resistance 1, electricity
resistance, torment resistance 1, petrification resistance
a: no special abilities


You were on level 2 of the Dungeon.
You visited 1 branch of the dungeon, and saw 3 of its levels.

You collected 99 gold pieces.

Inventory:

Hand Weapons
 a - a +0 war axe (weapon)
Armour
 b - a +0 scale mail (worn)
 c - a +0 buckler (worn)
 l - a +0 cloak
Magical Staves
 p - a staff of conjuration
Jewellery
 e - a +4 ring of protection (left hand)
Scrolls
 f - a scroll of fog {unknown}
 h - a scroll of amnesia {unknown}
 j - a scroll of immolation {unknown}
 k - a scroll of teleportation {unknown}
 m - a scroll of poison {unknown}
 q - a scroll of acquirement {unknown}
Potions
 d - 2 potions of might
 g - a potion of resistance
 i - a potion of flight {unknown}
 n - a potion of brilliance {unknown}
 o - a potion of heal wounds {unknown}


   Skills:
 + Level 3.3 Fighting
 + Level 1.9 Axes
 + Level 3.6 Armour
 + Level 3.6 Shields


You had one spell level left.
You didn't know any spells.
Your spell library was empty.

Dungeon Overview and Level Annotations

Branches:
Dungeon (3/15)

Altars:

Shops:
D:2 (


Innate Abilities, Weirdness & Mutations

You are immune to sickness and miasma.
Your stone body is resilient. (AC +2)
You are immune to poison.
You resist negative energy. (rN+)
You are resistant to electric shocks. (rElec)
You are resistant to unholy torment.
You are immune to petrification.


Message History

Found 15 gold pieces.
There is a stone staircase leading up here.
You now have 99 gold pieces (gained 15).
There is a stone staircase leading up here.
You climb upwards.
There is a stone staircase leading down here.
You see here a +0 whip.
You see here a +0 whip.
There is a stone staircase leading up here.
You climb upwards.
There is a stone staircase leading down here.
There is an open door here.
There is an open door here.
There is a stone staircase leading down here.
Done exploring.
You can't go down here!
There is a stone staircase leading down here.
You climb downwards.
There is a stone staircase leading up here.
d - 2 potions of might (gained 1)
q - a scroll labelled AZAUSI TYNA
Found a robe.
Found Doqasi's Weapon Boutique.
You see here a +0 robe.
A worm comes into view.
There is an entrance to Doqasi's Weapon Boutique here.
The worm bites you.
You hit the worm.
The worm is lightly wounded.
You barely miss the worm.
The worm is lightly wounded.
The worm bites you.
You completely miss the worm. The worm bites you!
* * * LOW HITPOINT WARNING * * *
You hit the worm but do no damage. The worm bites you but does no damage.
Unknown command.
You hit the worm.
The worm is moderately wounded.
The worm bites you!
You die...

.#####......
............
.#####......
.##..+......########+###
.##.##......#..........#
###.#......#.#.........+
###.#.....#...#........#
....#.##.#..∩..#........
......##..#...#.@w.....#
......##...#.#...##+####
###...##....#......
.......#[###.........
#####..#.###...........
.....>.................
####...#.##............
# #..##...............
#####.............


You could see a worm.

Vanquished Creatures
  An endoplasm (D:1)
  A giant cockroach (D:1)
  A goblin (D:1)
  A hobgoblin (D:1)
  2 kobolds
  A ball python (D:1)
  2 bats (D:1)
  2 rats (D:1)
11 creatures vanquished.

Notes
Turn   | Place    | Note
-------+----------+-------------------------------------------
     0 | D:1      | jlumianski the Gargoyle Fighter began the quest for the
                  | Orb.
     0 | D:1      | Reached XP level 1. HP: 14/14 MP: 1/1
   397 | D:1      | Reached XP level 2. HP: 15/19 MP: 2/2
   507 | D:1      | Found a faded altar of an unknown god.
   507 | D:1      | Noticed a Hell Sentinel
   887 | D:2      | Found Doqasi's Weapon Boutique.
   904 | D:2      | Slain by a worm

Illustrated notes

Levels and vault maps discovered:
D:1:      ncdulo_wetmaze, layout_basic, dreamdust_ecumenical_altar_sealed_demon
D:2:      layout_basic, serial_shops, nicolae_diamond_shop
D:3:      layout_loops_ring, nicolae_overflow_ecumenical_swirl, serial_shops,
          shop

Action                   || total
-------------------------++-------
Melee: War axe           ||    23
Armor: Scale mail        ||    12
Dodge: Dodged            ||     9
Block: Buckler           ||     5

Table legend: (Time is in decaauts)
 A = Elapsed time spent in this place.
 B = Non-inter-level travel time spent in this place.
 C = Inter-level travel time spent in this place.
 D = Time resting spent in this place.
 E = Time spent auto-exploring this place.
 F = Levels seen in this place.
 G = Mean time per level.
                   A        B        C        D        E       F      G
               +--------+--------+--------+--------+--------+-----+--------+
         Total |    921 |    921 |      0 |      0 |    573 |   3 |  307.0 |
       Dungeon |    921 |    921 |      0 |      0 |    573 |   3 |  307.0 |
               +--------+--------+--------+--------+--------+-----+--------+

Top non-repeatable levels by time:
     D:1: 710 daAuts
     D:2: 198 daAuts
     D:3: 12 daAuts
